 Dungeon Crawl Stone Soup version 0.31.0-11-ge490571c62 (webtiles) character file.

Game seed: 1706716983330178654

69736 Xavori the Nimble (level 15, -1/113 HPs)
             Began as a Djinni Chaos Knight on Jan 26, 2024.
             Was a Plaything of Xom.
             Slain by Rupert
             ... wielding a +2 battleaxe of electrocution
              (13 damage)
             ... on level 13 of the Dungeon.
             The game lasted 00:41:30 (37501 turns).

Xavori the Nimble (Djinni Chaos Knight)            Turns: 37501, Time: 00:41:34

Health: -1/113     AC: 25    Str: 16      XL:     15   Next: 75%
Gold:   1543       EV: 15    Int: 24      God:    Xom [..*...] SH:  6 Dex: 17 (18)

rFire   + + +        r - +11 short sword of Causality {freeze, rN+ Int+7}
rCold   x . .        Z - +0 buckler {reflect}
rNeg    + + .        O - +2 pearl dragon scales
rPois   ∞            (helmet restricted)
rElec   +            H - +2 cloak
rCorr   .            X - +0 pair of gloves {Stlth+}
SInv    .            (boots unavailable)
Will    +....        d - amulet of regeneration
Stlth   ++           S - ring "Ane Wecs" {rElec rPois rC+ Str+2 Stlth+}
HPRegen 1.18/turn    I - +4 ring of slaying
MPRegen 0.00/turn

%: reflection, infuse magic (-2 HP)
@: flying
A: sickness immunity, fire resistance 3, cold vulnerability 2, float, innate
caster, HP casting, extra vitality 1, antennae 1, fangs 1, iridescent scales 2,
clever 1, strong 1, evolution 1, subdued magic 1, inability to drink after
injury 1, inability to read after injury 2
a: Renounce Religion


You were on level 13 of the Dungeon.
You worshipped Xom.
You were a toy of Xom.
You visited 3 branches of the dungeon, and saw 21 of its levels.
You also visited: Sewer.

You collected 1900 gold pieces.
You spent 357 gold pieces at shops.

Inventory:

Hand Weapons
 a - a +0 falchion of chaos
 r - the +11 short sword of Causality (weapon) {freeze, rN+ Int+7}
   (You found it on level 4 of the Dungeon)

   Int+7:     It affects your intelligence (+7).
   rN+:       It protects you from negative energy.
 B - a +3 scimitar
 L - a +0 scimitar of flaming
Missiles
 o - a throwing net (quivered)
Armour
 b - a +2 leather armour
 f - a +0 buckler
 H - a +2 cloak (worn)
 O - +2 pearl dragon scales (worn)
 X - a +0 pair of gloves of stealth (worn)
 Z - a +0 buckler of reflection (worn)
Jewellery
 d - an amulet of regeneration (around neck)
 q - an amulet of faith
 s - a ring of resist corrosion
 u - a +6 ring of strength
 z - a +6 ring of intelligence
 C - a +6 ring of intelligence
 I - a +4 ring of slaying (right hand)
 N - a ring of positive energy
 R - the ring "Edwomnav" {Fire +Blink}
   (Xom gifted it to you on level 1 of the Lair of Beasts)

   [ring of fire]

   Fire:      It enhances your fire magic.
   rF+:       It protects you from fire.
   rC-:       It makes you vulnerable to cold.
   +Blink:    It lets you blink.
 S - the ring "Ane Wecs" (left hand) {rElec rPois rC+ Str+2 Stlth+}
   (You found it on level 3 of the Lair of Beasts)

   [ring of protection from cold]

   Str+2:     It affects your strength (+2).
   rC+:       It protects you from cold.
   rElec:     It insulates you from electricity.
   rPois:     It protects you from poison Stlth+: It makes you more stealthy.
Wands
 n - a wand of flame (30)
 F - a wand of roots (4)
 K - a wand of polymorph (4)
 P - a wand of quicksilver (1)
 Q - a wand of digging (4)
Scrolls
 c - a scroll of butterflies
 e - 2 scrolls of teleportation
 p - 6 scrolls of vulnerability
 t - 3 scrolls of revelation
 v - 2 scrolls of brand weapon
 x - 5 scrolls of fear
 y - 2 scrolls of summoning
 D - 5 scrolls of enchant weapon
 G - 2 scrolls of immolation
 J - a scroll of blinking {unknown}
 M - a scroll of fog
 T - a scroll of silence {unknown}
 U - 2 scrolls of identify
 Y - a scroll of enchant armour
Potions
 g - 3 potions of lignification
 h - 10 potions of curing
 i - a potion of berserk rage
 j - 3 potions of attraction
 k - a potion of ambrosia
 l - 2 potions of brilliance
 m - 5 potions of enlightenment
 w - 7 potions of heal wounds
 A - 2 potions of mutation
Miscellaneous
 E - a sack of spiders
 V - a phantom mirror
 W - a lightning rod (4/4)


   Skills:
 + Level 12.5 Fighting
 - Level 3.1(6.6) Short Blades
 * Level 9.2(9.5) Long Blades
 + Level 10.7 Armour
 + Level 13.0 Dodging
 * Level 6.0 Shields
 * Level 8.1 Spellcasting
 * Level 8.1 Conjurations
 * Level 8.1 Hexes
 * Level 8.1 Summonings
 * Level 8.1 Necromancy
 * Level 8.1 Translocations
 * Level 8.1 Fire Magic
 * Level 8.1 Ice Magic
 * Level 8.1 Air Magic
 * Level 8.1 Earth Magic
 * Level 8.1 Alchemy
 * Level 9.6 Evocations


You knew the following spells:

 Your Spells              Type           Power      Damage    Failure   Level
a - Apportation           Tloc           74%        N/A       1%          1
b - Searing Ray           Conj           74%        2d7       1%          2
c - Sigil of Binding      Hex            37%        N/A       2%          3
d - Manifold Assault      Tloc           37%        N/A       8%          4
e - Summon Mana Viper     Hex/Summ       37%        N/A       22%         5
f - Curse of Agony        Necr           37%        N/A       22%         5
g - Bombard               Conj/Erth      18%        9d4       80%         6
Your spell library was empty.

Dungeon Overview and Level Annotations

Branches:
Dungeon (14/15)            Temple (0/1) D:4            Lair (5/5) D:9
  Swamp (0/4) Lair:2       Spider (0/4) Lair:3        Slime (0/5) Lair:5
    Orc (2/2) D:11            Elf (0/3) Orc:2         Sewer (visited)
 Vaults: D:13-14

Altars:
Dithmenos
Elyvilon
Gozag
Trog
Uskayaw
Xom
Jiyva

Shops:
D:11 [   Orc:2 [*=

Annotations:
D:13 Rupert; jkubb29's ghost, journeyman DsNe
Lair:3 exclusion: orange crystal statue


Innate Abilities, Weirdness & Mutations

You are immune to sickness and miasma.
You are immune to poison.
Your flesh is almost immune to the effects of heat. (rF+++)
You are very vulnerable to cold. (rC--)
You float through the air rather than walking.
You learn spells naturally, not from books.
Your magical power is your life essence.
You have superior vitality. (+4 MHP)
You have a pair of small antennae on your head.
You have very sharp teeth.
You are mostly covered in iridescent scales. (AC +4)
Your mind is acute. (Int +4, Str/Dex -1)
Your muscles are strong. (Str +4, Int/Dex -1)
You have hidden genetic potential.
Your spells are a little easier to cast, but a little less powerful.
You occasionally lose the ability to drink potions when taking damage.
You sometimes lose the ability to read scrolls when taking damage.


Message History

You barely miss Rupert.
Rupert is heavily wounded.
Rupert completely misses you.
You hit Rupert. You freeze Rupert. You bite Rupert, but do no damage.
Rupert is heavily wounded.
You block Rupert's attack.
You closely miss Rupert.
Rupert is heavily wounded.
Rupert barely misses you.
You puncture Rupert! You freeze Rupert.
Rupert is severely wounded. "This might be better!"
Rupert suddenly seems more resistant.
Rupert hits you with a +2 battleaxe of electrocution!
Rupert attacks as he pursues you! Rupert closely misses you.
Rupert is engulfed in dark miasma.
Rupert looks as sick as possible!
Rupert seems to slow down.
Rupert is engulfed in dark miasma.
Rupert looks as sick as possible!
Rupert hits you with a +2 battleaxe of electrocution!!
Rupert is no longer moving slowly.
Rupert is engulfed in dark miasma.
Rupert looks as sick as possible!
Rupert attacks as he pursues you!
Rupert hits you with a +2 battleaxe of electrocution.
Rupert is engulfed in dark miasma.
Rupert seems to slow down.
Rupert is no longer moving slowly.
Rupert is engulfed in dark miasma.
Rupert is engulfed in dark miasma.
Rupert looks as sick as possible!
Rupert seems to slow down.
Rupert attacks as he pursues you!
Rupert hits you with a +2 battleaxe of electrocution.
* * * LOW HITPOINT WARNING * * *
Rupert is engulfed in dark miasma.
Rupert hits you with a +2 battleaxe of electrocution!!
* * * LOW HITPOINT WARNING * * *
You hit Rupert but do no damage.
Rupert is almost dead.
You closely miss Rupert.
Rupert is almost dead.
Rupert is no longer moving slowly.
Rupert is engulfed in dark miasma.
Rupert looks as sick as possible!
Rupert hits you with a +2 battleaxe of electrocution!
You die...
Rupert roars with triumph.

####### ################ ###
#.).... #...#......#.).# #.#
#...... #.#.#.#).#.#.#.# #.#
#...... #.#.#.#..#.#.#@#
#.####......
#.#.#.#..#.#.#@#####...........
#.#.#.#..#.#5#☼#...............
#.#...#:.#...#○#.##########....
#.############☼#.#........+....
#.############°#.#........#....
#...#.)(...#...#.#.......<#....
#.#.#.#..#.#.#.#.#........'....
#.#.#.#.{#.#.#.#.#####.####....


You could see Rupert (berserk, resistant, extremely poisoned).

Vanquished Creatures
  A fire giant (D:13)
  An eleionoma (Lair:2)
  An ettin (D:13)
  An ogre mage (D:13)
  A catoblepas (Lair:4)
  A vault guard (D:13)
  A hydra (D:12)
  Erica (Lair:2)
  4 boulder beetles
  A death knight (D:13)
  A radroach (Orc:2)
  2 centaur warriors (D:13)
  5 two-headed ogres
  5 death yaks
  4 nameless horrors
  Nergalle (Lair:2)
  4 skysharks
  A flayed ghost (D:12)
  A phantasmal warrior (D:12)
  4 orc knights
  5 orc sorcerers (Orc:2)
  A manticore (D:12)
  3 elephants (Lair:5)
  7 cyclopes
  An elephant (shapeshifter) (Lair:2)
  2 meliai (D:13)
  3 black mambas
  2 kobold blastminers (Orc:2)
  3 torpor snails
  12 cane toads
  9 komodo dragons
  2 rime drakes
  2 yaktaurs
  A kobold demonologist (D:9)
  An efreet (D:13)
  10 trolls
  5 polar bears
  A troll (shapeshifter) (D:13)
  A merfolk (shapeshifter) (Lair:5)
  A queen bee (D:5)
  3 hornets (Lair:5)
  6 dream sheep
  2 slime creatures (D:13)
  5 blink frogs
  10 spriggans (Lair:5)
  A shadow (D:9)
  7 wyverns
  6 basilisks
  23 yaks
  7 wraiths
  8 wargs
  2 steam dragons
  A human (D:13)
  11 water moccasins
  An acid dragon (D:12)
  A water moccasin (shapeshifter) (D:13)
  16 orc warriors
  3 sky beasts
  A swamp drake (Orc:2)
  An ice beast (D:6)
  6 black bears
  5 ogres
  4 boggarts
  17 wolves
  10 bullfrogs
  4 kobold brigands
  Blork the orc (D:4)
  2 scorpions
  A gnoll sergeant (D:9)
  15 wights
  9 killer bees
  3 electric eels
  8 howler monkeys
  4 bombardier beetles
  8 hounds
  A gnoll bouda (Lair:2)
  4 orc priests
  2 jellies (D:6)
  3 iguanas
  2 sleepcaps
  32 orc wizards
  8 gnolls
  7 adders
  A river rat (Sewer)
  2 shadow imps (D:6)
  3 white imps
  2 ufetubi (D:6)
  4 dart slugs
  5 ribbon worms
  51 orcs
  3 bats
  9 endoplasms
  6 giant cockroaches
  8 goblins
  4 hobgoblins
  9 jackals
  23 kobolds
  5 quokkas
  13 ball pythons
  4 frilled lizards
  4 rats
540 creatures vanquished.

Vanquished Creatures (collateral kills)
  4 death yaks (Lair:5)
  A meliai (D:13)
  A rime drake (Lair:1)
  2 komodo dragons
  A hornet (Lair:5)
  3 blink frogs (Lair:4)
  7 yaks (Lair:2)
  3 spriggans (Lair:5)
  2 water moccasins
  A boggart (Lair:5)
  A wolf (Lair:5)
  A rat (D:2)
27 creatures vanquished.

Vanquished Creatures (others)
  A vault guard (D:13)
  A human (D:13)
  A spriggan (Lair:5)
  2 orc wizards (Orc:2)
  An orc (Orc:2)
6 creatures vanquished.

Grand Total: 573 creatures vanquished

Notes
Turn   | Place    | Note
-------+----------+-------------------------------------------
     0 | D:1      | Xavori the Djinni Chaos Knight began the quest for the Orb.
     0 | D:1      | Reached XP level 1. HP: 20/20 MP: 0/0
    52 | D:1      | Reached XP level 2. HP: 23/25 MP: 0/0
   369 | D:1      | Reached XP level 3. HP: 30/30 MP: 0/0
   369 | D:1      | Learned a level 1 spell: Apportation
  1258 | D:2      | XOM: god gift: 15 gold pieces
  1391 | D:2      | XOM: divination: magic mapping
  1703 | D:2      | XOM: god gift: spiked robe {god gift}
  1703 | D:2      | Identified the +2 robe of Autumn {rN+ rCorr} (Xom gifted it
                  | to you on level 2 of the Dungeon)
  2033 | D:1      | XOM: silly message
  2594 | D:1      | XOM: summons 1 hostile demon
  2821 | D:2      | XOM: summons 2 hostile demons
  2961 | D:1      | XOM: summons 4 hostile shadow creatures
  2997 | D:2      | XOM: give mutations
  2997 | D:2      | Gained mutation: You are clumsy. (Dex -2) [Xom's mischief]
  2997 | D:2      | Gained mutation: You are dopey. (Int -2) [Xom's mischief]
  2997 | D:2      | Gained mutation: You have sharp fingernails. [Xom's
                  | mischief]
  3620 | D:1      | XOM: give mutations
  3620 | D:1      | Gained mutation: You occasionally shout uncontrollably at
                  | your foes. [Xom's mischief]
  3620 | D:1      | Lost mutation: You are dopey. (Int -2) [Xom's mischief]
  3620 | D:1      | Gained mutation: Your muscles are strong. (Str +4, Int/Dex
                  | -1) [Xom's mischief]
  3714 | D:1      | XOM: give mutation
  3714 | D:1      | Gained mutation: You are strong-willed. (Will+) [Xom's
                  | mischief]
  4026 | D:1      | XOM: give mutations
  4026 | D:1      | Lost mutation: Your muscles are strong. (Str +4, Int/Dex
                  | -1) [Xom's mischief]
  4026 | D:1      | Lost mutation: You have sharp fingernails. [Xom's mischief]
  4064 | D:1      | XOM: give mutations
  4064 | D:1      | Gained mutation: Your muscles are strong. (Str +4, Int/Dex
                  | -1) [Xom's mischief]
  4064 | D:1      | Gained mutation: Armour fits poorly on your strangely
                  | shaped body. [Xom's mischief]
  4064 | D:1      | Gained mutation: Potions are less effective at restoring
                  | your health. [Xom's mischief]
  4507 | D:1      | XOM: noise
  4862 | D:1      | XOM: silly message
  5499 | D:1      | XOM: cloud trail
  6130 | D:1      | XOM: cloud trail
  6416 | D:1      | XOM: stat loss: -1 Str (14/15)
  6569 | D:1      | XOM: god gift: curved iron wand {god gift}
  6627 | D:1      | XOM: give mutations
  6627 | D:1      | Gained mutation: Your muscles are very strong. (Str +8,
                  | Int/Dex -2) [Xom's grace]
  6627 | D:1      | Gained mutation: You have a pair of small antennae on your
                  | head. [Xom's grace]
  6627 | D:1      | Gained mutation: You are partially covered in iridescent
                  | scales. (AC +2) [Xom's grace]
  6627 | D:1      | Gained mutation: You are robust. (+10% HP) [Xom's grace]
  7112 | D:1      | XOM: give mutations
  7112 | D:1      | Gained mutation: You are very robust. (+20% HP) [Xom's
                  | grace]
  7112 | D:1      | Gained mutation: You are somewhat resistant to further
                  | mutation. [Xom's grace]
  7433 | D:1      | XOM: cloud trail
  7657 | D:1      | XOM is BORED!
  7657 | D:1      | XOM: give mutations
  7657 | D:1      | Gained mutation: Your natural rate of healing is unusually
                  | fast. [Xom's mischief]
  7657 | D:1      | Lost mutation: Armour fits poorly on your strangely shaped
                  | body. [Xom's mischief]
  7657 | D:1      | Lost mutation: You occasionally shout uncontrollably at
                  | your foes. [Xom's mischief]
  7740 | D:1      | XOM: god gift: 51 gold pieces
  7819 | D:2      | XOM: noise
  7839 | D:2      | XOM: god gift: plate armour {god gift}
  8140 | D:2      | XOM: snakes to sticks
  8141 | D:2      | XOM: blink monster(s)
  8168 | D:2      | Reached XP level 4. HP: 42/42 MP: 0/0
  8437 | D:3      | Found a bloodstained altar of Trog.
  8437 | D:3      | Found an opulent altar of Gozag.
  8600 | D:3      | XOM: 1-stop teleportation journey
  8627 | D:3      | Reached XP level 5. HP: 48/48 MP: 0/0
  8627 | D:3      | Learned a level 2 spell: Searing Ray
  8768 | D:3      | Reached skill level 1 in Spellcasting
  8768 | D:3      | Reached skill level 1 in Conjurations
  8768 | D:3      | Reached skill level 1 in Hexes
  8768 | D:3      | Reached skill level 1 in Summonings
  8768 | D:3      | Reached skill level 1 in Necromancy
  8768 | D:3      | Reached skill level 1 in Translocations
  8768 | D:3      | Reached skill level 1 in Fire Magic
  8768 | D:3      | Reached skill level 1 in Ice Magic
  8768 | D:3      | Reached skill level 1 in Air Magic
  8768 | D:3      | Reached skill level 1 in Earth Magic
  8768 | D:3      | Reached skill level 1 in Alchemy
  8899 | D:3      | XOM: swap monsters
  9049 | D:3      | XOM: summons 3 hostile shadow creatures
  9050 | D:3      | Noticed a phantom
  9117 | D:2      | XOM: give mutations
  9117 | D:2      | Gained mutation: You are extremely robust. (+30% HP) [Xom's
                  | grace]
  9211 | D:4      | Identified the +11 short sword of Causality {freeze, rN+
                  | Int+7}
  9302 | D:4      | XOM: noise
  9306 | D:4      | Reached XP level 6. HP: 59/59 MP: 0/0
  9348 | D:4      | Noticed Blork the orc
  9355 | D:4      | Killed Blork the orc
  9356 | D:4      | Reached skill level 3 in Dodging
  9500 | D:4      | XOM: polymorph giant cockroach -> ball python
  9530 | D:4      | Found a staircase to the Ecumenical Temple.
  9654 | D:4      | Noticed a water moccasin
  9656 | D:4      | XOM: fake destruction
  9663 | D:4      | Killed a water moccasin
  9664 | D:4      | Reached skill level 1 in Short Blades
  9664 | D:4      | Reached XP level 7. HP: 62/66 MP: 0/0
  9664 | D:4      | Learned a level 3 spell: Sigil of Binding
  9683 | D:4      | XOM: stat loss: -1 Str (18/19)
  9817 | D:5      | Entered Level 5 of the Dungeon
  9847 | D:5      | Noticed a water moccasin
  9853 | D:5      | XOM: swap monsters
  9854 | D:5      | XOM: noise
  9857 | D:5      | Killed a water moccasin
  9993 | D:5      | XOM: noise
 10066 | D:5      | Found a glowing drain.
 10072 | Sewer    | Entered a sewer
 10131 | Sewer    | XOM: polymorph crocodile -> river rat
 10138 | Sewer    | Reached XP level 8. HP: 75/75 MP: 0/0
 10244 | D:5      | Noticed Edmund
 10244 | D:5      | Edmund changed into Edmund the queen bee
 10244 | D:5      | Noticed Edmund
 10244 | D:5      | XOM: polymorph Edmund -> Edmund the queen bee
 10246 | D:5      | XOM: enchant monster (bad)
 10247 | D:5      | XOM: confuse monster(s)
 10252 | D:5      | Killed Edmund the queen bee
 10253 | D:5      | Reached skill level 4 in Dodging
 10285 | D:5      | XOM: stat loss: -1 Dex (10/11)
 10383 | D:5      | XOM: butterfly on damage
 10384 | D:5      | XOM: enchant monster (bad)
 10504 | D:5      | Reached skill level 5 in Long Blades
 10504 | D:5      | XOM: cloud trail
 10705 | D:6      | XOM: silly message
 10713 | D:6      | XOM: confusion (+ monsters)
 10720 | D:6      | XOM: potion effect (haste)
 10723 | D:6      | Reached skill level 5 in Dodging
 10730 | D:6      | Reached XP level 9. HP: 68/83 MP: 0/0
 10730 | D:6      | Learned a level 4 spell: Manifold Assault
 10731 | D:6      | XOM: silly message
 10733 | D:6      | XOM: potion effect (invisibility)
 10752 | D:6      | XOM: silly message
 10754 | D:6      | Reached skill level 5 in Fighting
 10754 | D:6      | Reached skill level 5 in Armour
 10845 | D:6      | Reached skill level 6 in Dodging
 11250 | D:7      | Found a shadowy altar of Dithmenos.
 11495 | D:7      | XOM: silly message
 11623 | D:7      | XOM: god gift: 35 gold pieces
 11797 | D:8      | XOM: god gift: There-And-Back Book
 11819 | D:8      | XOM: confuse monster(s)
 11821 | D:8      | Reached XP level 10. HP: 90/93 MP: 0/0
 11823 | D:8      | XOM: enchant monster (good)
 11854 | D:8      | Reached skill level 7 in Dodging
 12058 | D:8      | XOM: fog
 12090 | D:8      | XOM: summons friendly crimson imp
 12172 | D:8      | XOM: silly message
 12219 | D:8      | XOM: polymorph crimson imp -> ufetubus
 12220 | D:8      | XOM: polymorph ufetubus -> shadow imp
 12264 | D:9      | XOM: blink monster(s)
 12277 | D:9      | XOM: swap monsters
 12285 | D:9      | XOM: potion effect (haste)
 12287 | D:9      | XOM: noise
 12410 | D:9      | Found a staircase to the Lair.
 12493 | D:9      | XOM: draining
 12494 | D:9      | XOM: confusion
 12499 | D:9      | XOM: noise
 12511 | D:8      | XOM: summons 6 hostile demons
 12512 | D:8      | Noticed a sun demon
 12671 | D:9      | XOM: stat loss: -1 Dex (12/13)
 12678 | D:9      | Reached skill level 8 in Dodging
 12780 | D:9      | Reached skill level 5 in Spellcasting
 12780 | D:9      | Reached skill level 5 in Conjurations
 12780 | D:9      | Reached skill level 5 in Hexes
 12780 | D:9      | Reached skill level 5 in Summonings
 12780 | D:9      | Reached skill level 5 in Necromancy
 12780 | D:9      | Reached skill level 5 in Translocations
 12780 | D:9      | Reached skill level 5 in Fire Magic
 12780 | D:9      | Reached skill level 5 in Ice Magic
 12780 | D:9      | Reached skill level 5 in Air Magic
 12780 | D:9      | Reached skill level 5 in Earth Magic
 12780 | D:9      | Reached skill level 5 in Alchemy
 12811 | D:9      | Noticed a kobold demonologist
 12817 | D:9      | a neqoxec changed into a rust devil
 12817 | D:9      | Noticed a rust devil
 12817 | D:9      | XOM: polymorph neqoxec -> rust devil
 12821 | D:9      | Killed a kobold demonologist
 12822 | D:9      | Reached skill level 1 in Evocations
 12888 | D:9      | XOM: torment (48/98 hp)
 12928 | D:9      | XOM: smoke on damage
 12937 | D:9      | Reached XP level 11. HP: 72/105 MP: 0/0
 12937 | D:9      | Learned a level 5 spell: Summon Mana Viper
 12976 | D:9      | XOM: torment (59/105 hp)
 13102 | D:9      | XOM: stat loss: -1 Dex (12/13)
 13253 | D:10     | Entered Level 10 of the Dungeon
 13280 | D:10     | XOM: swap monsters
 13319 | D:10     | XOM: noise
 13441 | D:10     | XOM: potion effect (berserk rage)
 13475 | D:10     | XOM: divination: detect creatures
 13549 | D:10     | XOM: divination: magic mapping
 13915 | D:10     | Found a hide-covered altar of Uskayaw.
 13918 | D:10     | Found a shimmering altar of Xom.
 13922 | D:10     | Found a white marble altar of Elyvilon.
 13979 | D:11     | Found a staircase to the Orcish Mines.
 14175 | D:11     | XOM: divination: magic mapping
 14211 | D:11     | Noticed a boulder beetle
 14222 | D:11     | XOM: smoke on damage
 14230 | D:11     | XOM: silly message
 14242 | D:11     | Noticed a boulder beetle
 14255 | D:11     | XOM: noise
 14258 | D:11     | XOM: silly message
 14267 | D:11     | XOM: potion effect (brilliance)
 14273 | D:11     | XOM: potion effect (brilliance)
 14280 | D:11     | XOM: enchant monster (good)
 14282 | D:11     | Reached skill level 9 in Dodging
 14352 | D:11     | XOM: enchant monster (good)
 14355 | D:11     | XOM: summons 5 friendly demons
 14363 | D:11     | XOM: confuse monster(s)
 14441 | D:11     | Found Zotwiun's Antique Armour Shop.
 14461 | D:11     | Noticed a boulder beetle
 14464 | D:11     | XOM: divination: detect items
 14465 | D:11     | XOM: potion effect (might)
 14483 | D:11     | XOM: divination: detect items
 14501 | D:11     | Noticed a boulder beetle
 14502 | D:11     | XOM: summons 2 friendly demons
 14726 | D:10     | Killed a boulder beetle
 14786 | D:10     | Killed a boulder beetle
 14881 | D:11     | Noticed a two-headed ogre
 14888 | D:11     | XOM: summons friendly shadow imp
 14898 | D:11     | Killed a two-headed ogre
 14981 | D:11     | You are sucked into a shaft and drop 3 floors!
 15091 | D:11     | XOM: silly message
 15094 | D:11     | XOM: swap monsters
 15103 | D:11     | XOM: cleaving
 15135 | D:11     | Killed a boulder beetle
 15136 | D:11     | Reached skill level 10 in Dodging
 15200 | D:11     | XOM: summons 2 friendly demons
 15250 | D:11     | XOM: summons friendly ufetubus
 15272 | D:11     | XOM: silly message
 15278 | D:11     | XOM: divination: detect creatures
 15286 | D:11     | Reached XP level 12. HP: 92/115 MP: 0/0
 15599 | Lair:1   | Entered Level 1 of the Lair of Beasts
 15601 | Lair:1   | Upgraded the game from 0.31.0-10-gcf4a605ca0 to
                  | 0.31.0-11-ge490571c62
 15626 | Lair:1   | Noticed a skyshark
 15630 | Lair:1   | XOM: smoke on damage
 15639 | Lair:1   | Killed a skyshark
 15640 | Lair:1   | Reached skill level 5 in Evocations
 15728 | Lair:1   | XOM: silly message
 15842 | Lair:1   | Reached skill level 10 in Fighting
 15992 | Lair:1   | XOM: summons friendly white imp
 15997 | Lair:1   | Reached skill level 11 in Dodging
 16011 | Lair:1   | XOM: fog
 16110 | Lair:1   | XOM: 4-stop teleportation journey
 16302 | Lair:1   | XOM: enchant monster (bad)
 16443 | Lair:2   | Noticed Nergalle
 16445 | Lair:2   | XOM: swap monsters
 16448 | Lair:2   | XOM: confusion (+ monsters)
 16453 | Lair:2   | XOM: potion effect (invisibility)
 16467 | Lair:2   | Killed Nergalle
 16626 | Lair:2   | XOM: silly message
 16675 | Lair:2   | Noticed Erica
 16693 | Lair:2   | Killed Erica
 16731 | Lair:2   | XOM: divination: detect creatures
 16744 | Lair:2   | Reached XP level 13. HP: 111/126 MP: 0/0
 16744 | Lair:2   | Learned a level 5 spell: Curse of Agony
 16776 | Lair:2   | XOM: divination: detect creatures
 16855 | Lair:2   | Noticed a catoblepas
 16859 | Lair:2   | Noticed an eleionoma
 16867 | Lair:2   | XOM: divination: detect creatures
 16879 | Lair:2   | a catoblepas changed into a shapeshifter
 16879 | Lair:2   | XOM: polymorph catoblepas -> shapeshifter
 16885 | Lair:2   | XOM: cleaving
 16897 | Lair:2   | Killed an eleionoma
 16932 | Lair:2   | Found a staircase to the Swamp.
 17069 | Lair:2   | XOM: god gift: pearl dragon scales {god gift}
 17139 | Lair:3   | XOM: scenery: summon butterflies
 17141 | Lair:3   | XOM: divination: magic mapping
 17312 | Lair:3   | XOM: confuse monster(s)
 17416 | Lair:3   | You are sucked into a shaft and drop 2 floors!
 17416 | Lair:5   | Entered Level 5 of the Lair of Beasts
 17428 | Lair:5   | Found a viscous altar of Jiyva.
 17448 | Lair:5   | XOM: enchant monster (bad)
 17456 | Lair:5   | XOM: summons 2 friendly demons
 17482 | Lair:5   | XOM: divination: detect creatures
 17483 | Lair:5   | Reached skill level 12 in Dodging
 17569 | Lair:4   | XOM: divination: magic mapping
 17589 | Lair:4   | XOM: 3-stop teleportation journey
 17595 | Lair:4   | XOM: chaos cloud
 17596 | Lair:4   | Paralysed by you for 1 turns
 17653 | Lair:4   | XOM: give mutations
 17653 | Lair:4   | Lost mutation: You are clumsy. (Dex -2) [Xom's mischief]
 17653 | Lair:4   | Lost mutation: You are partially covered in iridescent
                  | scales. (AC +2) [Xom's mischief]
 17653 | Lair:4   | Gained mutation: Your spells are a little harder to cast,
                  | but a little more powerful. [Xom's mischief]
 17653 | Lair:4   | Lost mutation: You are somewhat resistant to further
                  | mutation. [Xom's mischief]
 17818 | Lair:3   | XOM: give mutations
 17818 | Lair:3   | Lost mutation: Your muscles are very strong. (Str +8,
                  | Int/Dex -2) [Xom's mischief]
 17818 | Lair:3   | Lost mutation: You are strong-willed. (Will+) [Xom's
                  | mischief]
 17818 | Lair:3   | Gained mutation: Your flesh is almost immune to the effects
                  | of heat. (rF+++) [Xom's mischief]
 17818 | Lair:3   | Lost mutation: Your natural rate of healing is unusually
                  | fast. [Xom's mischief]
 17862 | Lair:3   | Found a hole to the Spider Nest.
 17876 | Lair:3   | XOM: draining
 17888 | Lair:3   | XOM: smoke on damage
 17944 | Lair:3   | XOM: cleaving
 18029 | Lair:3   | XOM: enchant monster (bad)
 18041 | Lair:3   | XOM: confuse monster(s)
 18055 | Lair:3   | XOM: swap monsters
 18583 | Lair:3   | XOM: snakes to sticks
 18585 | Lair:3   | XOM: blink monster(s)
 18586 | Lair:3   | XOM: summons friendly ufetubus
 18723 | Lair:3   | Identified the ring "Ane Wecs" {rElec rPois rC+ Str+2
                  | Stlth+}
 18727 | Lair:3   | Identified the staff of Bespelled Duty {Int+5 Earth}
 18775 | Lair:4   | Noticed a nameless horror
 18785 | Lair:3   | Killed a nameless horror
 18914 | Lair:4   | XOM: summons friendly crimson imp
 19070 | Lair:4   | XOM: cast spell 'Monstrous Menagerie'
 19230 | Lair:4   | Noticed a catoblepas
 19241 | Lair:4   | XOM: god gift: 23 gold pieces
 19245 | Lair:4   | Killed a catoblepas
 19246 | Lair:4   | Reached XP level 14. HP: 30/136 MP: 0/0
 19408 | Lair:3   | XOM: scenery: summon butterflies
 19448 | Lair:3   | XOM: polymorph butterfly -> glowing shapeshifter
 19566 | Lair:4   | XOM: god gift: 5 boomerangs
 20329 | Lair:1   | XOM: divination: detect items
 20516 | Lair:1   | XOM: scenery: create altars
 20793 | Lair:1   | XOM: give mutations
 20793 | Lair:1   | Lost mutation: Your spells are a little harder to cast, but
                  | a little more powerful. [Xom's mischief]
 20793 | Lair:1   | Lost mutation: You are extremely robust. (+30% HP) [Xom's
                  | mischief]
 20909 | Lair:1   | XOM: scenery: create altars
 21248 | Lair:1   | XOM: god gift: book of Spectacle
 21303 | Lair:1   | XOM: give mutations
 21303 | Lair:1   | Gained mutation: You are extremely robust. (+30% HP) [Xom's
                  | grace]
 21303 | Lair:1   | Gained mutation: You are partially covered in iridescent
                  | scales. (AC +2) [Xom's grace]
 21303 | Lair:1   | Gained mutation: Your mind is acute. (Int +4, Str/Dex -1)
                  | [Xom's grace]
 21416 | Lair:1   | XOM: scenery: create altars
 21688 | Lair:4   | XOM: silly message
 21925 | Lair:5   | XOM: summons 4 hostile shadow creatures
 22073 | Lair:4   | XOM: give mutations
 22073 | Lair:4   | Lost mutation: Your mind is acute. (Int +4, Str/Dex -1)
                  | [Xom's mischief]
 22073 | Lair:4   | Lost mutation: You are extremely robust. (+30% HP) [Xom's
                  | mischief]
 22073 | Lair:4   | Gained mutation: You have a pair of antennae on your head.
                  | [Xom's mischief]
 22073 | Lair:4   | Lost mutation: Potions are less effective at restoring your
                  | health. [Xom's mischief]
 22427 | Lair:5   | XOM: draining
 22473 | Lair:5   | XOM: confusion
 22476 | Lair:5   | XOM: give mutations
 22476 | Lair:5   | Gained mutation: Your spells are a little easier to cast,
                  | but a little less powerful. [Xom's mischief]
 22476 | Lair:5   | Lost mutation: Your flesh is almost immune to the effects
                  | of heat. (rF+++) [Xom's mischief]
 22482 | Lair:5   | XOM: destruction
 22484 | Lair:5   | XOM: confuse monster(s)
 22519 | Lair:5   | XOM: divination: detect items
 22526 | Lair:5   | XOM: cast spell 'Summon Cactus Giant'
 22539 | Lair:5   | XOM: enchant monster (bad)
 22540 | Lair:5   | XOM: swap monsters
 22542 | Lair:5   | XOM: cleaving
 22719 | Lair:5   | XOM: give mutations
 22719 | Lair:5   | Lost mutation: Your spells are a little easier to cast, but
                  | a little less powerful. [Xom's mischief]
 22719 | Lair:5   | Gained mutation: Your flesh is almost immune to the effects
                  | of heat. (rF+++) [Xom's mischief]
 22903 | Lair:5   | XOM: summons friendly white imp
 22904 | Lair:5   | XOM: polymorph white imp -> ufetubus
 22906 | Lair:5   | XOM: polymorph ufetubus -> shadow imp
 22909 | Lair:5   | XOM: enchant monster (good)
 22910 | Lair:5   | XOM: 2-stop teleportation journey
 22917 | Lair:5   | XOM: 2-stop teleportation journey
 22943 | Lair:5   | XOM: swap monsters
 23037 | Lair:5   | XOM: swap monsters
 23040 | Lair:5   | XOM: scenery: summon butterflies
 23041 | Lair:5   | XOM: polymorph butterfly -> glowing shapeshifter
 23053 | Lair:5   | XOM: enchant monster (bad)
 23063 | Lair:5   | XOM: polymorph death yak -> torpor snail
 23075 | Lair:5   | XOM: enchant monster (good)
 23103 | Lair:5   | XOM: 1-stop teleportation journey
 23121 | Lair:5   | XOM: destruction
 23122 | Lair:5   | XOM: confuse monster(s)
 23135 | Lair:5   | XOM: polymorph yak -> boggart
 23331 | Lair:5   | XOM: enchant monster (good)
 23375 | Lair:5   | XOM: enchant monster (good)
 23386 | Lair:5   | XOM: scenery: create altars
 23390 | Lair:5   | XOM: cast spell 'Discord'
 23398 | Lair:5   | Reached skill level 1 in Shields
 23407 | Lair:5   | XOM: divine lightning
 23415 | Lair:5   | XOM: 1-stop teleportation journey
 23463 | Lair:5   | XOM: 1-stop teleportation journey
 23480 | Lair:5   | XOM: fog
 23513 | Lair:4   | XOM: confuse monster(s)
 23551 | Lair:5   | XOM: scenery: summon butterflies
 23641 | Lair:5   | XOM: enchant monster (bad)
 23656 | Lair:5   | XOM: summons friendly shadow imp
 23735 | Lair:5   | XOM: polymorph shadow imp -> crimson imp
 23783 | Lair:5   | Found a staircase to the Slime Pits.
 23878 | Lair:5   | XOM: confuse monster(s)
 23882 | Lair:5   | XOM: confusion (+ monsters)
 23908 | Lair:5   | XOM: 3-stop teleportation journey
 23986 | Lair:5   | XOM: polymorph death yak -> glowing shapeshifter
 23987 | Lair:5   | XOM: summons 2 friendly demons
 23993 | Lair:5   | a death yak changed into a yellow draconian
 23993 | Lair:5   | Noticed a yellow draconian (glowing shapeshifter)
 23997 | Lair:5   | a yellow draconian changed into a bunyip
 23997 | Lair:5   | Noticed a bunyip (glowing shapeshifter)
 23998 | Lair:5   | XOM: enchant monster (good)
 23998 | Lair:5   | a bunyip changed into a fire dragon
 24001 | Lair:5   | a fire dragon changed into a dire elephant
 24001 | Lair:5   | Noticed a dire elephant (glowing shapeshifter)
 24003 | Lair:5   | XOM: noise
 24024 | Lair:4   | XOM: cloud trail
 24274 | Lair:5   | XOM: god gift: 5 stones
 24279 | Lair:5   | XOM: divination: detect creatures
 24343 | Lair:5   | XOM: potion effect (might)
 24353 | Lair:5   | XOM: enchant monster (bad)
 24356 | Lair:5   | XOM: summons 5 hostile demons
 24385 | Lair:5   | XOM: enchant monster (good)
 24560 | Lair:5   | XOM: cloud trail
 25009 | Lair:1   | XOM: divination: magic mapping
 25322 | Lair:1   | XOM: scenery: create altars
 26010 | Lair:1   | Identified the ring "Edwomnav" {Fire +Blink} (Xom gifted it
                  | to you on level 1 of the Lair of Beasts)
 26010 | Lair:1   | XOM: god gift: ring "Edwomnav" {Fire +Blink}
 26330 | Lair:1   | XOM: give mutation
 26330 | Lair:1   | Gained mutation: You passively dampen the noise of your
                  | surroundings. [Xom's grace]
 26609 | Lair:1   | XOM: draining
 26718 | Lair:1   | XOM: silly message
 27117 | Lair:1   | XOM: give mutations
 27117 | Lair:1   | Gained mutation: You occasionally lose the ability to drink
                  | potions when taking damage. [Xom's mischief]
 27117 | Lair:1   | Gained mutation: You expend health (3 HP) to strengthen
                  | your wands. [Xom's mischief]
 27117 | Lair:1   | Lost mutation: You passively dampen the noise of your
                  | surroundings. [Xom's mischief]
 27117 | Lair:1   | Lost mutation: You are very robust. (+20% HP) [Xom's
                  | mischief]
 27236 | Lair:1   | XOM: give mutation
 27236 | Lair:1   | Gained mutation: You occasionally lose the ability to read
                  | scrolls when taking damage. [Xom's mischief]
 27390 | Lair:1   | XOM: give mutations
 27390 | Lair:1   | Gained mutation: Your spells are a little easier to cast,
                  | but a little less powerful. [Xom's mischief]
 27390 | Lair:1   | Gained mutation: Your spells are easier to cast, but less
                  | powerful. [Xom's mischief]
 27390 | Lair:1   | Gained mutation: You passively dampen the noise of your
                  | surroundings. [Xom's mischief]
 27439 | D:10     | XOM: summons 8 hostile demons
 27538 | D:11     | XOM: draining
 27542 | Orc:1    | Entered Level 1 of the Orcish Mines
 27574 | Orc:1    | XOM: 1-stop teleportation journey
 27797 | Orc:2    | Entered Level 2 of the Orcish Mines
 27809 | Orc:2    | XOM: silly message
 27968 | Orc:1    | XOM: enchant monster (bad)
 28090 | Orc:2    | XOM: 2-stop teleportation journey
 28099 | Orc:2    | XOM: stat loss: -1 Str (16/17)
 28321 | Orc:2    | Reached skill level 10 in Armour
 28391 | Orc:2    | XOM: 1-stop teleportation journey
 28404 | Orc:2    | XOM: draining
 28432 | Orc:2    | Reached XP level 15. HP: 109/122 MP: 0/0
 28432 | Orc:2    | Learned a level 6 spell: Bombard
 28607 | Orc:2    | Found a staircase to the Elven Halls.
 28741 | Orc:2    | Found Necel's Jewellery Boutique.
 28754 | Orc:2    | XOM: enchant monster (good)
 28755 | Orc:2    | XOM: scenery: summon butterflies
 28758 | Orc:2    | XOM: scenery: create altars
 28783 | Orc:2    | Found Ewaorhu's General Store.
 28792 | Orc:2    | XOM: stat loss: -1 Int (19/20)
 28853 | Orc:2    | Found Hipres's Antique Armour Boutique.
 28860 | Orc:2    | XOM: swap monsters
 28896 | Orc:2    | XOM: repel stairs
 28904 | Orc:2    | XOM: confusion
 28911 | Orc:2    | XOM: divine lightning
 28927 | Orc:2    | XOM: polymorph orc -> swamp drake
 28942 | Orc:2    | XOM: summons 8 hostile demons
 29116 | Orc:2    | XOM: polymorph orc knight -> radroach
 29145 | Orc:2    | Gained mutation: You sometimes lose the ability to read
                  | scrolls when taking damage. [mutagenic glow]
 29336 | Orc:1    | XOM: scenery: summon butterflies
 29526 | Orc:2    | Bought a potion of heal wounds for 70 gold pieces
 29526 | Orc:2    | Bought a potion of curing for 42 gold pieces
 29526 | Orc:2    | Bought a scroll of enchant weapon for 105 gold pieces
 29526 | Orc:2    | Bought 2 potions of berserk rage for 140 gold pieces
 29625 | D:12     | XOM: smoke on damage
 29638 | D:12     | XOM: give mutations
 29638 | D:12     | Lost mutation: You expend health (3 HP) to strengthen your
                  | wands. [Xom's mischief]
 29638 | D:12     | Gained mutation: You are very vulnerable to cold. (rC--)
                  | [Xom's mischief]
 29638 | D:12     | Lost mutation: You are robust. (+10% HP) [Xom's mischief]
 30162 | D:4      | XOM: give mutation
 30162 | D:4      | Lost mutation: You have a pair of antennae on your head.
                  | [Xom's mischief]
 30224 | D:4      | XOM: summons 2 hostile shadow creatures
 30335 | D:4      | XOM: scenery: summon butterflies
 30504 | D:4      | XOM: god gift: sling {god gift}
 30779 | D:4      | XOM: silly message
 30925 | D:4      | XOM: god gift: 3 stones
 31050 | D:4      | XOM: god gift: 9 stones
 31165 | D:4      | XOM is BORED!
 31165 | D:4      | XOM: summons 2 hostile shadow creatures
 31512 | D:4      | XOM: god gift: chain mail {god gift}
 31663 | D:4      | XOM: god gift: 38 gold pieces
 31940 | D:4      | XOM: god gift: glowing mace {god gift}
 32155 | D:4      | XOM: scenery: summon butterflies
 32597 | D:4      | XOM: cloud trail
 33407 | D:4      | XOM: 4-stop teleportation journey
 33488 | D:4      | XOM: scenery: summon butterflies
 33927 | D:4      | XOM: give mutations
 33927 | D:4      | Gained mutation: Your muscles are very strong. (Str +8,
                  | Int/Dex -2) [Xom's grace]
 33927 | D:4      | Gained mutation: You have hidden genetic potential. [Xom's
                  | grace]
 33927 | D:4      | Gained mutation: You expend health (3 HP) to strengthen
                  | your wands. [Xom's grace]
 33927 | D:4      | Gained mutation: You have very sharp teeth. [Xom's grace]
 34041 | D:4      | XOM: give mutations
 34041 | D:4      | Gained mutation: You are mostly covered in iridescent
                  | scales. (AC +4) [Xom's grace]
 34041 | D:4      | Gained mutation: You are partially covered in large bone
                  | plates. (SH +4) [Xom's grace]
 34170 | D:7      | XOM: give mutations
 34170 | D:7      | Gained mutation: Your mind is acute. (Int +4, Str/Dex -1)
                  | [Xom's grace]
 34170 | D:7      | Gained mutation: You have a somewhat thin skeletal
                  | structure. (Dex +2, Stealth+) [Xom's grace]
 34203 | D:10     | XOM: give mutations
 34203 | D:10     | Lost mutation: Your muscles are very strong. (Str +8,
                  | Int/Dex -2) [Xom's mischief]
 34203 | D:10     | Lost mutation: Your spells are easier to cast, but less
                  | powerful. [Xom's mischief]
 34269 | D:12     | XOM: divination: detect creatures
 34271 | D:12     | XOM: potion effect (brilliance)
 34337 | D:12     | XOM: silly message
 34341 | D:12     | XOM: potion effect (invisibility)
 34349 | D:12     | XOM: noise
 34409 | D:12     | XOM: summons friendly quasit
 34788 | D:12     | XOM: confuse monster(s)
 34800 | D:12     | XOM: enchant monster (good)
 34839 | D:12     | XOM: god gift: 67 gold pieces
 34872 | D:12     | Identified the +1 pair of boots of Classification {^Contam
                  | Harm rElec rCorr Dex+8}
 35018 | D:12     | XOM: god gift: scroll of fear
 35067 | D:12     | XOM: cloud trail
 35165 | D:13     | Reached skill level 5 in Shields
 35193 | D:13     | Noticed Rupert
 35216 | D:13     | XOM: fog
 35355 | D:13     | XOM: 1-stop teleportation journey
 35366 | D:13     | XOM: give mutations
 35366 | D:13     | Lost mutation: You passively dampen the noise of your
                  | surroundings. [Xom's mischief]
 35366 | D:13     | Lost mutation: You are partially covered in large bone
                  | plates. (SH +4) [Xom's mischief]
 35366 | D:13     | Lost mutation: You have a somewhat thin skeletal structure.
                  | (Dex +2, Stealth+) [Xom's mischief]
 35366 | D:13     | Lost mutation: You expend health (3 HP) to strengthen your
                  | wands. [Xom's mischief]
 35429 | D:13     | XOM: summons 8 hostile demons
 35542 | D:13     | XOM: summons 6 hostile demons
 35573 | D:13     | Found a runed translucent gate.
 35574 | D:13     | Found a runed translucent gate.
 35574 | D:13     | Noticed jkubb29's ghost (journeyman DsNe)
 35575 | D:13     | Found a runed translucent gate.
 35576 | D:13     | Identified the +3 chain mail "Wujaymiv" {rPois}
 35593 | D:13     | Identified the +3 shortbow "Ymnakoal" {flame, ^Drain rCorr
                  | Dex+6 SInv}
 35618 | D:13     | XOM: noise
 35632 | D:13     | XOM: 2-stop teleportation journey
 35656 | D:13     | XOM: noise
 35663 | D:13     | XOM: enchant monster (good)
 35760 | D:13     | XOM: 1-stop teleportation journey
 35766 | D:13     | XOM: divination: detect items
 35768 | D:13     | XOM: noise
 35782 | D:13     | XOM: swap monsters
 35804 | D:13     | Reached skill level 13 in Dodging
 35950 | D:13     | XOM: 3-stop teleportation journey
 35973 | D:13     | XOM: blink monster(s)
 36164 | D:12     | XOM: stat loss: -1 Int (23/24)
 36622 | D:12     | XOM: noise
 37061 | D:12     | XOM: summons 4 hostile shadow creatures
 37073 | D:13     | XOM: stat loss: -1 Dex (17/18)
 37097 | D:13     | XOM: 1-stop teleportation journey
 37114 | D:13     | XOM: summons friendly shadow imp
 37271 | D:13     | Noticed a fire giant
 37272 | D:13     | XOM: divination: magic mapping
 37275 | D:13     | XOM: silly message
 37280 | D:13     | XOM: cast spell 'Summon Small Mammal'
 37283 | D:13     | XOM: noise
 37284 | D:13     | Killed a fire giant
 37396 | D:13     | XOM: silly message
 37420 | D:13     | XOM: enchant monster (bad)
 37474 | D:13     | XOM: cloud trail
 37493 | D:13     | XOM: enchant monster (bad)
 37501 | D:13     | Slain by Rupert

Illustrated notes

Levels and vault maps discovered:
D:1:      ldierk_walled_garden, layout_basic, minmay_shallow_snake_nest
D:2:      layout_basic
D:3:      layout_rooms, gammafunk_temple_overflow_pools,
          serial_co_window_serial, co_window_corner_a, co_window_paths_a,
          co_window_of_opportunity_a, co_window_corner_a, co_window_paths_a,
          co_window_broadway_b, co_window_corner_ca, co_window_unsneaky_path_a,
          co_window_unsneaky_path_c, co_window_unsneaky_path_d,
          co_window_2corner, co_window_corner_b, serial_bayou_ford_a,
          mrwooster_statue_mirror
D:4:      layout_loops_cross, temple_doors_e, uniq_blork_the_orc
D:5:      layout_loops_ring, mainiacjoe_sewer_entry_somewhere_in_here_1,
          uniq_edmund
D:6:      layout_rooms, minmay_circle_x
D:7:      layout_basic, nicolae_dithmenos_through_a_glass_darkly
D:8:      layout_cave_pools, minmay_misc_feat_plants
D:9:      layout_rooms, erik_lair_island, serial_rivers,
          chequers_serial_rivers_large_b, chequers_serial_rivers_micro_c,
          chequers_serial_rivers_large_a, chequers_serial_rivers_micro_d,
          chequers_serial_rivers_micro_d, nrook_campfire
D:10:     layout_rooms, grunt_temple_overflow_diamond, minivault_11
D:11:     layout_loops_ring, minmay_orc_entry_temple_small, serial_shops, shop
D:12:     minmay_shrinking_squares, layout_basic, lightli_minifort
D:13:     minmay_two_paths, layout_irregular_city, ximxim_vaults_locker_room,
          biasface_ghost_orc_armoury, enter_trove_0, serial_glass,
          glass_columns_b, glass_columns_a, glass_columns_a, glass_columns_a,
          glass_columns_c, glass_columns_c, glass_columns_a, glass_columns_b,
          uniq_rupert
D:14:     layout_loops_cross, uniq_jorgrun, uniq_josephine, uniq_kirke
Lair:1:   layout_loops_ring, serial_bayou_shore_b
Lair:2:   layout_big_grid, alex1729_swamp_entry_worm_eleionoma,
          chequers_serial_rivers_micro_b, dreamdust_gnoll_shepherd,
          uniq_nergalle, uniq_erica
Lair:3:   statuecave_lemuel, layout_small_grid, nicolae_spider_entry_non_spiders
Lair:4:   layout_regular_city
Lair:5:   minmay_lair_end_enchanted_forest, layout_loops_ring, slime_entry_1,
          serial_bayou_lake_a
Orc:1:    layout_diamond_mine
Orc:2:    st_orc_town, layout_caves, lemuel_statue_altar

Skill      XL: |  1  2  3  4  5  6  7  8  9 10 11 12 13 14 15 |
---------------+----------------------------------------------+-----
Long Blades    | 3 4 5 6 7 8 9 |  9.2
Armour         | 2 3 4 6 7 8 10 | 10.7
Spellcasting   | 1 2 4 5 6 7 8 |  8.1
Conjurations   | 1 2 4 5 6 7 8 |  8.1
Hexes          | 1 2 4 5 6 7 8 |  8.1
Summonings     | 1 2 4 5 6 7 8 |  8.1
Necromancy     | 1 2 4 5 6 7 8 |  8.1
Translocations | 1 2 4 5 6 7 8 |  8.1
Fire Magic     | 1 2 4 5 6 7 8 |  8.1
Ice Magic      | 1 2 4 5 6 7 8 |  8.1
Air Magic      | 1 2 4 5 6 7 8 |  8.1
Earth Magic    | 1 2 4 5 6 7 8 |  8.1
Alchemy        | 1 2 4 5 6 7 8 |  8.1
Dodging        | 3 5 6 8 10 11 12 13 | 13.0
Short Blades   | 1 2 3 |  3.1
Fighting       | 4 6 8 9 10 11 12 | 12.5
Evocations     | 1 4 6 7 8 9 |  9.6
Shields        | 3 6 |  6.0

Action                     |  1- 3 |  4- 6 |  7- 9 | 10-12 | 13-15 || total
---------------------------+-------+-------+-------+-------+-------++-------
  Melee: Falchion          |    93 |    86 |       |       |       ||   179
         Punch             |     1 |     1 |     4 |    13 |    14 ||    33
         Short sword       |       |    37 |   217 |   802 |  1676 ||  2732
         Scimitar          |       |       |       |       |    38 ||    38
         Bite              |       |       |       |       |    56 ||    56
   Cast: Manifold Assault  |       |       |       |    12 |     1 ||    13
         Summon Mana Viper |       |       |       |     7 |     6 ||    13
         Searing Ray       |       |       |       |       |     1 ||     1
  Evoke: Wand              |       |       |       |    12 |     6 ||    18
         Sack of spiders   |       |       |       |       |     3 ||     3
    Use: Scroll            |       |       |     6 |     8 |    16 ||    30
         Potion            |       |       |       |       |     9 ||     9
   Stab: Confused          |       |       |     2 |     1 |    15 ||    18
         Invisible         |       |       |    10 |       |     9 ||    19
         Sleeping          |       |       |     2 |     1 |     4 ||     7
         Betrayed ally     |       |       |       |     1 |       ||     1
         Distracted        |       |       |       |     2 |     2 ||     4
         Paralysed         |       |       |       |       |     2 ||     2
         Held in net/web   |       |       |       |       |     1 ||     1
         Petrifying        |       |       |       |       |     2 ||     2
 Armour: Leather armour    |    65 |    79 |    92 |   471 |    21 ||   728
         Troll leather arm |       |       |       |    35 |       ||    35
         Pearl dragon scal |       |       |       |       |  1086 ||  1086
  Dodge: Dodged            |    67 |    75 |   126 |   482 |  1043 ||  1793
  Block: Buckler           |       |       |       |       |   297 ||   297
         Reflection        |       |       |       |       |     1 ||     1
